[Event "Romanian Superliga 2024"]
[Site "Mamaia"]
[Date "2024.09.30"]
[Round "3.8"]
[White "Erdos, Viktor"]
[Black "Kourkoulos-Arditis, Stamatis"]
[Result "1/2-1/2"]
[ECO "D02"]
[WhiteElo "2538"]
[BlackElo "2570"]
[Annotator "TA"]
[PlyCount "72"]
[EventDate "2024.09.26"]
[EventType "team-tourn"]
[EventCountry "ROU"]
[SourceTitle "playchess.com"]
[Source "ChessBase"]
[SourceQuality "1"]
[TimeControl "40/5400+30:1800+30"]

1. d4 Nf6 2. Nf3 g6 3. Nbd2 d5 4. e3 Bg7 5. c4 c5 6. cxd5 {[%emt 0:01:25] D02: 1 d4 d5 2 Pf3 Zijvarianten, inclusief 2...Pf6 3 g3 en 2...Pf6 3 Lf4.} cxd4 $146 {[%emt 0:03:35] OK} ({Predecessor:} 6... Nxd5 7. e4 Nc7 8. dxc5 Nba6 9. Qc2 O-O 10. a3 b6 11. cxb6 axb6 12. Be2 Bd7 13. Nc4 {½-½ Votruba,P (2146)-Nehls,B (2066) Regionalliga Nord-Ost 1718 2017 (3.3)}) 7. e4 {[%emt 0:00:34] OK} O-O {[%emt 0:01:07] OK} 8. Bc4 $1 {[%emt 0:00:24][%cal Oe1g1] Sterk} Bg4 {[%emt 0:12:33] Onnauwkeurig} 9. O-O {[%emt 0:04:00] Hoopt vervolgens op Re1. OK} Nbd7 {[%emt 0:00:25] OK} 10. Re1 $1 {[%emt 0:07:51] Sterk} Ne5 11. Qb3 {[%emt 0:01:24] OK} Nxc4 {[%emt 0:09:04] OK} 12. Nxc4 {[%emt 0:07:24] Fout (0.5)} (12. Qxc4 $11 e6 13. d6) {Zwart zou moeten spelen} 12... e6 {[%emt 0:16:23] Fout (0.8)} (12... Bxf3 $1 $15 13. Qxf3 Rc8) 13. Nce5 Bxf3 $1 {[%emt 0:05:34] Sterk} 14. Nxf3 exd5 {[%emt 0:00:11] OK} 15. e5 {[%emt 0:01:49] OK} Ne4 {[%emt 0:00:20] Voorkomt Bg5. OK} 16. Qxb7 {[%emt 0:00:51] Fout (0.7)} (16. Rd1 $1 $11) 16... Re8 $1 $15 {[%emt 0:03:50] Sterk} 17. Rd1 {[%emt 0:17:24] Fout (0.8)} (17. Qb3 $11) {Zwart zou moeten proberen} 17... Rxe5 {[%emt 0:24:38] Fout (1.4)} (17... Bxe5 $17 18. Nxe5 Rxe5) 18. Nxe5 $14 Bxe5 19. g3 $1 {[%emt 0:04:13] Sterk} Rb8 {Wit zou moeten spelen} 20. Qa6 {[%emt 0:00:32] Fout (0.6)} (20. Qxa7 $16 {Sterke dreiging met f3.} Qf6 21. f3 Nxg3 (21... Qxf3 $2 {vergaat.} 22. Rf1 $18) 22. hxg3 Qxf3 23. Rd2 Qxg3+ 24. Kf1 Qh3+ 25. Rg2 Qh1+ 26. Kf2) 20... Qd7 {[%emt 0:05:08] blijft gelijk. Fout (0.8)} (20... h5 $11) {Wit zou moeten proberen} 21. Qf1 {[%emt 0:00:40] Fout (0.9)} (21. f3 $16) 21... Qf5 {[%emt 0:01:03] Onnauwkeurig} 22. f3 {[%emt 0:09:44] Beste (Gemakkelijk)} Nc5 {[%emt 0:00:15] [#] OK} 23. b4 $1 {[%emt 0:00:49] OK} Rxb4 {[%emt 0:05:10] OK} (23... Na4 24. Qd3) 24. Ba3 {[%emt 0:00:12] Beste (Gemakkelijk)} Rc4 {[%emt 0:00:08] OK} 25. Bxc5 Rxc5 26. Rac1 {[%emt 0:03:28] OK} Rc3 {[%emt 0:02:08] OK} 27. Rxc3 {[%emt 0:00:20] OK} dxc3 28. Rxd5 $11 {[%emt 0:00:03][%mdl 4096] [#] Eindspel. Zwart moet nu f4 voorkomen. KQR-KQB. Beste (Gemakkelijk)} c2 {[%emt 0:00:20] Is te verkiezen. Fout (0.5)} (28... Qe6 $11 29. Qc4 Bd6) 29. Qc4 $14 {[%emt 0:03:12] Dreigt te winnen met Kg2. OK} Qxf3 {[%emt 0:02:36] OK} 30. Rd8+ {[%emt 0:00:08] Beste (Gemakkelijk)} (30. Rxe5 $2 {slaat de verkeerde figuur.} Qd1+ 31. Kg2 c1=Q $19 (31... c1=R 32. Re8+ Kg7 33. Qb5 $19)) 30... Kg7 31. Qxc2 {[%emt 0:00:10] Beste (Gemakkelijk)} Qe3+ $1 {[%emt 0:01:37] Sterk. De stelling is in evenwicht.} 32. Qf2 Qc1+ {[%emt 0:00:04] OK} 33. Kg2 {[%emt 0:00:51][%cal Od8d2] OK} Qc6+ {[%emt 0:00:36] Beste (Gemakkelijk)} 34. Qf3 {[%emt 0:00:11] OK} Qc2+ {[%emt 0:00:04] OK} 35. Qf2 Qc6+ 36. Qf3 {[%emt 0:00:11] OK} Qc2+ {[%emt 0:00:26] Blunder waarde: Wit=0.17 (erg precies) /Zwart=0.16 (erg precies) . Beste (Gemakkelijk).  Fout:        	Wit=5      	Zwart=4      Onnauwkeurig:    	---       	Zwart=2      OK:         	Wit=11     	Zwart=13     Beste:        	Wit=5      	Zwart=2      Sterk:        	Wit=3      	Zwart=3} 1/2-1/2

[Event "Romanian Superliga 2024"]
[Site "Mamaia"]
[Date "2024.09.30"]
[Round "3.9"]
[White "Miron, Lucian-Costin"]
[Black "Grigore, George-Gabriel"]
[Result "1/2-1/2"]
[ECO "B54"]
[WhiteElo "2473"]
[BlackElo "2414"]
[Annotator "TA"]
[PlyCount "55"]
[EventDate "2024.09.26"]
[EventType "team-tourn"]
[EventCountry "ROU"]
[SourceTitle "playchess.com"]
[Source "ChessBase"]
[SourceQuality "1"]
[TimeControl "40/5400+30:1800+30"]

1. e4 c5 2. Nc3 Nc6 3. Nge2 d6 4. d4 cxd4 5. Nxd4 e5 6. Nf5 Bxf5 7. exf5 Qd7 {[%emt 0:06:33] Black is weak on the light squares} 8. Bc4 g6 ({Better is} 8... Nf6 $11) 9. Nd5 gxf5 10. Bg5 (10. O-O {simplifies} Bg7 11. f4 Nge7 12. Nxe7 Qxe7 13. c3) 10... Be7 {[%emt 0:17:47] Dodges Bf6} 11. Qh5 {[%emt 0:04:38] And now Nxe7 would win.} Bxg5 (11... O-O-O $1 $14) 12. Qxg5 $16 Kf8 {[%emt 0:07:40] Inhibits Qg7+.} 13. Ne3 $36 {[%emt 0:28:09][%mdl 3072] White has strong compensation. White has strong initiative. White has more active pieces. The black rooks are passive.} f4 14. Nf5 f6 {[%emt 0:00:21] [#]} 15. Qh5 d5 16. O-O-O Nce7 17. Nxe7 (17. Rxd5 {with more complications.} Nxd5 18. Rd1 Qe8 19. Qh3) 17... Nxe7 18. g3 {[%emt 0:02:30] Hoping for gxf4.} Rc8 (18... Rd8 $14) 19. Bb3 a5 {[%emt 0:00:40][%cal Ba7a5,Ba5a4][%mdl 32] [#] Threatens to win with ...a4.} 20. Qh6+ Kf7 {[%emt 0:00:57] ...a4 would now be deadly.} 21. Qh5+ Kf8 {[%emt 0:01:01] White must now prevent ...a4.} 22. a3 {[%emt 0:01:25] gxf4 is the strong threat.} a4 23. Ba2 {[%emt 0:00:01] aiming for gxf4.} fxg3 24. hxg3 Rc5 25. Qh6+ Kf7 26. Qh5+ Kf8 $1 27. Qh6+ Kf7 28. Qh5+ {[%emt 0:00:21] Weighted Error Value: White=0.27 (precise) /Black=0.14 (very precise) .  Mistake:       	White=1     	Black=3      Inaccurate:     	White=1     	Black=1      OK:         	White=7     	Black=8      Best:        	White=3     	Black=5      Strong:       	---       	Black=1} (28. c3 $16) 1/2-1/2

[Event "Romanian Superliga 2024"]
[Site "Mamaia"]
[Date "2024.09.30"]
[Round "3.10"]
[White "Istratescu, Andrei"]
[Black "Filip, Lucian-Ioan"]
[Result "1/2-1/2"]
[ECO "E94"]
[WhiteElo "2370"]
[BlackElo "2341"]
[Annotator "RC"]
[PlyCount "20"]
[EventDate "2024.09.26"]
[EventType "team-tourn"]
[EventCountry "ROU"]
[SourceTitle "playchess.com"]
[Source "ChessBase"]
[SourceQuality "1"]
[TimeControl "40/5400+30:1800+30"]

1. c4 Nf6 2. Nf3 g6 3. Nc3 Bg7 4. e4 d6 5. d4 O-O 6. Be2 e5 7. O-O Bg4 8. d5 a5 9. Ne1 Bxe2 10. Qxe2 Na6 1/2-1/2

[Event "Romanian Superliga 2024"]
[Site "Mamaia"]
[Date "2024.09.30"]
[Round "3.11"]
[White "Carmaciu, Lucian-Catalin"]
[Black "Stepanencu, Nicodim-Cosmin"]
[Result "1/2-1/2"]
[ECO "D00"]
[WhiteElo "2368"]
[BlackElo "2296"]
[Annotator "RC"]
[PlyCount "119"]
[EventDate "2024.09.26"]
[EventType "team-tourn"]
[EventCountry "ROU"]
[SourceTitle "playchess.com"]
[Source "ChessBase"]
[SourceQuality "1"]
[TimeControl "40/5400+30:1800+30"]

1. d4 d5 2. Bf4 c5 3. Nc3 Nc6 4. e4 cxd4 5. exd5 dxc3 6. dxc6 Qxd1+ 7. Rxd1 bxc6 8. Bc7 e6 9. b3 Nf6 10. Ba5 Nd5 11. Ne2 Ba6 12. Nxc3 Bxf1 13. Rxf1 Rb8 14. g3 h5 15. Ke2 Bb4 16. Bxb4 Rxb4 17. Nb1 Re4+ 18. Kf3 Re5 19. c4 Nb4 20. Nc3 h4 21. Rfe1 Rf5+ 22. Kg2 hxg3 23. hxg3 Rfh5 24. a3 Rh2+ 25. Kf3 Na6 26. b4 Ke7 27. Re5 Nb8 28. Ra5 a6 29. Ne4 Rh1 30. Rxh1 Rxh1 31. Nc5 Rc1 32. Nxa6 Nxa6 33. Rxa6 Rxc4 34. Ke3 f5 35. Kd3 Rc1 36. a4 g5 37. a5 Kd7 38. Ra7+ Kd6 39. Rg7 g4 40. a6 Ra1 41. a7 Rd1+ 42. Ke3 Ra1 43. Kf4 Ra4 44. Kg5 Ke5 45. Re7 Ra6 46. Kg6 f4 47. Kf7 fxg3 48. fxg3 Kf5 49. Ke8 Ke4 50. Kd8 Kf3 51. Kc8 Ra4 52. Rb7 Kxg3 53. Kb8 e5 54. a8=Q Rxa8+ 55. Kxa8 e4 56. Re7 Kf3 57. Rf7+ Kg3 58. Re7 Kf3 59. Rf7+ Kg3 60. Re7 1/2-1/2

[Event "Romanian Superliga 2024"]
[Site "Mamaia"]
[Date "2024.09.30"]
[Round "3.12"]
[White "Szabo, Attila"]
[Black "Nastore, Pavel-Alexandru"]
[Result "0-1"]
[ECO "A21"]
[WhiteElo "2137"]
[BlackElo "2252"]
[Annotator "RC"]
[PlyCount "38"]
[EventDate "2024.09.26"]
[EventType "team-tourn"]
[EventCountry "ROU"]
[SourceTitle "playchess.com"]
[Source "ChessBase"]
[SourceQuality "1"]
[TimeControl "40/5400+30:1800+30"]

1. c4 e5 2. Nc3 Bb4 3. g3 h5 4. h4 a5 5. Bg2 Nc6 6. d3 d6 7. e4 Bg4 8. f3 Be6 9. Bg5 Qd7 10. Nge2 Bc5 11. Qd2 Nd4 12. Qc1 f6 13. Bd2 Nxe2 14. Nxe2 Ne7 15. Be3 Nc6 16. a3 a4 17. Bf2 Na5 18. Qc2 O-O 19. d4 exd4 0-1

[Event "Romanian Superliga 2024"]
[Site "Mamaia"]
[Date "2024.09.30"]
[Round "3.13"]
[White "Kantor, Gergely"]
[Black "Shevchenko, Kirill"]
[Result "1/2-1/2"]
[ECO "D43"]
[WhiteElo "2537"]
[BlackElo "2673"]
[Annotator "TA"]
[PlyCount "59"]
[EventDate "2024.09.26"]
[EventType "team-tourn"]
[EventCountry "ROU"]
[SourceTitle "playchess.com"]
[Source "ChessBase"]
[SourceQuality "1"]
[TimeControl "40/5400+30:1800+30"]

1. d4 d5 2. c4 e6 3. Nf3 Nf6 4. Nc3 c6 5. Bg5 h6 6. Bxf6 Qxf6 7. e3 g6 8. Bd3 Bg7 9. cxd5 exd5 10. b4 Be6 11. Rc1 Nd7 12. b5 c5 13. dxc5 Nxc5 14. Bb1 Rd8 15. Ne2 Qe7 16. Nfd4 Bg4 17. O-O O-O 18. Re1 Rfe8 19. h3 Bxe2 20. Rxe2 Bxd4 21. Qxd4 Ne6 22. Qb2 ({Of course not} 22. Qxa7 Ra8 23. Qb6 Red8 $17) 22... Rd7 23. a3 Red8 24. Ba2 Nc5 25. Rd2 {[%emt 0:03:44] Repels Nd3. The position is equal.} b6 26. Rcd1 Qg5 27. Qd4 Ne4 28. Rc2 Nc5 29. a4 Re8 30. Qb4 {[%emt 0:06:38] Not much happened in this game.   Weighted Error Value: White=0.03 (flawless) /Black=0.03 (flawless) .  OK:         	White=11    	Black=12} 1/2-1/2

[Event "Romanian Superliga 2024"]
[Site "Mamaia"]
[Date "2024.09.30"]
[Round "3.14"]
[White "Lupulescu, Constantin"]
[Black "Vanczak, Tamas"]
[Result "1-0"]
[ECO "E11"]
[WhiteElo "2590"]
[BlackElo "2401"]
[Annotator "TA"]
[PlyCount "117"]
[EventDate "2024.09.26"]
[EventType "team-tourn"]
[EventCountry "ROU"]
[SourceTitle "playchess.com"]
[Source "ChessBase"]
[SourceQuality "1"]
[TimeControl "40/5400+30:1800+30"]

1. d4 Nf6 2. c4 e6 3. Nf3 Bb4+ 4. Nbd2 O-O 5. a3 Be7 6. e4 d6 {[%emt 0:00:00] E11: Bogo-Indian.} 7. Bd3 e5 {[%emt 0:00:00] 7...Nbd7 is vanishing.} 8. O-O exd4 9. Nxd4 Nc6 {[%emt 0:00:00] 9...Nfd7 is a critical line.} 10. Nxc6 bxc6 11. b4 a5 12. b5 cxb5 $146 ({Predecessor:} 12... Nd7 13. a4 Bf6 14. Ra3 Nc5 15. Bc2 Re8 16. Rg3 cxb5 17. cxb5 Bb7 18. Re1 Be5 {½-½ Werle,J (2511)-Delchev,A (2644) Paleochora op 7th 2014 (5)}) 13. cxb5 Bb7 14. Bb2 Nd7 15. Rc1 Nc5 16. Nb3 Ne6 17. Nd4 Bf6 18. Nxe6 fxe6 19. Bxf6 Rxf6 20. Rc3 Rf7 21. Qc2 Qe7 22. Rc1 Rc8 23. Qa4 Qh4 24. g3 (24. Qxa5 $2 Qxf2+ 25. Kh1 Bxe4 $19) (24. R3c2 $16) 24... Qf6 $14 25. R3c2 (25. Qxa5 Qxf2+ 26. Kh1 Qf3+ 27. Kg1 Qe3+ (27... Bxe4 28. Bxe4 Qxe4 29. Qb4 $15) 28. Kh1 Rf2 (28... Bxe4+ 29. Bxe4 Qxe4+ 30. Kg1 Qd4+ 31. Kg2 Rf2+ 32. Kh3 Qd2 33. Rh1 Qh6+ 34. Kg4 Qg6+ 35. Kh4 Qe4+ 36. Kh3 h5 37. Qb4 Qxh1 38. Kh4 Rxh2+ 39. Kg5 Qd5+ 40. Kf4 Rf8+ 41. Ke3 Rf3#) (28... Bxe4+ 29. Bxe4 Qxe4+ 30. Kg1 Qd4+ 31. Kg2 Rf2+ 32. Kh3 Qd2 33. Rh1 Qh6+ 34. Kg4 Qg6+ 35. Kh4 Qe4+ 36. Kh3 Qxh1 37. Rf3 Qg2+ 38. Kh4 Qxf3 39. Qd2 Rxd2 40. h3 Rd5 41. g4 Qf2#)) 25... Rcf8 (25... Qf3 $14 26. Qd4 h5) 26. Bf1 $16 Qg5 27. Re1 (27. Qxa5 $6 Bxe4 28. Qd2 (28. Rxc7 $2 Rxf2 29. Qc3 R2f3 $19) 28... Qd8 $15) 27... d5 28. Bg2 (28. Qxa5 dxe4 29. h4 (29. Rxc7 Rxf2 30. Bh3 Qh5 $19) 29... Qd5 $14) 28... dxe4 29. Bxe4 Rf4 30. Qc4 Bd5 31. Qd3 (31. Qxc7 $2 Rxe4 32. Rf1 Qf5 $19) (31. Qc5 {looks sharper.} Rxe4 32. Rxe4 Qh5 33. Rd4) 31... Bxe4 32. Rxe4 Rxe4 (32... Rd8 $1 $14 33. Qe2 Rxe4 34. Qxe4 Qxb5 35. Qxe6+ (35. Rxc7 Rd1+ 36. Kg2 Qf1+ 37. Kf3 Qd3+ 38. Qxd3 Rxd3+ 39. Kg4 Rd2 $15) 35... Kf8) 33. Qxe4 $16 Qf5 (33... Qxb5 $16 34. Qxe6+ Kh8 35. Rxc7 Qd3) 34. Qxf5 $18 Rxf5 35. a4 (35. Rxc7 Rxb5 36. Ra7 Re5 $11) 35... Rf7 36. Rc6 Rd7 37. Ra6 ({And not} 37. Rxe6 Rd4 $11) 37... Kf7 38. Rxa5 Rd4 39. Ra7 Kf6 40. a5 ({But not} 40. Rxc7 $6 Rxa4 41. b6 Rb4 $16) 40... Rd5 41. Rb7 (41. Rxc7 Rxb5 42. a6 Ra5 $16) (41. a6 $18 {has better winning chances. Black must now prevent Rb7.} Rxb5 42. Rxc7) 41... c6 $16 42. bxc6 Rxa5 43. Rd7 Rc5 44. c7 h5 45. f4 (45. f3 $16) 45... Rc2 $1 $11 46. Kf1 h4 $1 47. g4 h3 $1 48. g5+ Kf5 49. Rxg7 Kxf4 50. Ke1 e5 51. Kd1 Rc4 52. Ke2 e4 53. Kd2 e3+ $2 (53... Kf5 $11) 54. Kd3 $18 Rc6 55. g6 Rd6+ 56. Ke2 Rd2+ 57. Ke1 Rc2 58. Rf7+ Ke4 59. g7 1-0

[Event "Romanian Superliga 2024"]
[Site "Mamaia"]
[Date "2024.09.30"]
[Round "3.15"]
[White "Anton, Teodor"]
[Black "Parligras, Mircea-Emilian"]
[Result "1/2-1/2"]
[ECO "E08"]
[WhiteElo "2427"]
[BlackElo "2537"]
[Annotator "TA"]
[PlyCount "73"]
[EventDate "2024.09.26"]
[EventType "team-tourn"]
[EventCountry "ROU"]
[SourceTitle "playchess.com"]
[Source "ChessBase"]
[SourceQuality "1"]
[TimeControl "40/5400+30:1800+30"]

1. d4 Nf6 2. c4 e6 3. Nf3 d5 4. g3 Bb4+ 5. Bd2 Be7 6. Bg2 c6 7. Qc2 Nbd7 8. O-O O-O 9. Rd1 b6 10. Bf4 Ba6 11. Ne5 Rc8 12. Nc3 Bxc4 13. Nxc4 dxc4 14. e4 {[%emt 0:00:19] Inhibits Nd5.} b5 15. a4 a6 16. axb5 axb5 17. d5 cxd5 18. exd5 {[%emt 0:00:09] [#] aiming for d6.} e5 19. Bg5 $36 {[%emt 0:00:08][%cal Od5d6][%mdl 2048] d6! is the strong threat. White is pushing.} Qb6 20. Bh3 {[%emt 0:07:01] And now Bxd7 would win.} Bc5 $1 21. Bxf6 Nxf6 22. Bxc8 Rxc8 23. Qf5 Re8 24. d6 {[%emt 0:11:21] Strongly threatening d7.} Bd4 (24... Qc6 $1 $11) 25. Qf3 {[%emt 0:13:23] Black must now prevent Ra8.} b4 $2 (25... Qxd6 26. Nxb5 Qb8 27. Nxd4 exd4 28. b3 $18 (28. Rxd4 Qxb2 29. Qd1 g6 $18)) (25... Kf8 $16) 26. Ra8 $18 Kf8 (26... bxc3 $2 27. Rxe8+ Nxe8 28. d7 $18 (28. bxc3 Qxd6 29. cxd4 exd4 $18)) (26... Qxd6 $142 27. Nb5 Bxf2+ 28. Kg2 Qe7) 27. Rxe8+ Kxe8 28. Qa8+ $2 (28. Ne2 $18 {and the rest is easy.} Kd7 29. Nxd4 exd4 30. Qf4) 28... Kd7 $16 29. Nd5 {[%emt 0:01:10] Chess con chili. White is more active.} Qxd6 {[%emt 0:02:53] [#]} (29... Nxd5 $14 30. Qxd5 Bxf2+ 31. Kg2 Bd4) 30. Qb7+ $1 $18 (30. Qa4+ Qc6 31. Nxf6+ (31. Qxb4 $2 Qxd5 32. h3 Bxf2+ 33. Kxf2 Qxd1 $19) (31. Rxd4 $2 Qxa4 32. Nxf6+ Ke6 $19) 31... gxf6 32. Qxb4 f5 $16) 30... Ke6 31. Nxf6 (31. Nxb4 Bxf2+ 32. Kxf2 Qxd1 33. Qc8+ Ke7 34. Qc7+ Ke6 35. Qc8+ Ke7 36. Qc7+ Qd7 37. Qxe5+ Kf8 (37... Qe6 38. Nc6+ Kd7 39. Nb8+ Kc8 40. Qxe6+ fxe6 41. Nc6 $17) 38. Qc5+ Kg8 39. Qxc4 h5 $15) (31. Nc7+ $18 Kf5 32. Qf3+ Kg6 33. Nb5) 31... Bxf2+ $1 $11 {[%emt 0:07:15] The position is equal.} 32. Kxf2 Qxd1 33. Ne4 {[%emt 0:02:00] Threatens to win with Qc8+.} Qc2+ 34. Kf3 {[%emt 0:01:45] White wants to mate with Qc6+.} Qb3+ ({Not} 34... Qxh2 35. Qc6+ (35. Qxb4 Qh1+ 36. Ke3 Qg1+ 37. Ke2 Qg2+ 38. Nf2 Qc6 $14) 35... Ke7 36. Qc7+ (36. Qxc4 Qh1+ 37. Ke2 Qh5+ 38. Kd2 Qh6+ 39. Kc2 f6 $18) 36... Ke6 37. Qd6+ Kf5 38. g4#) 35. Kg4 f5+ ({Weaker is} 35... Qxb2 36. Qc6+ Ke7 37. Qc7+ (37. Qxc4 h5+ 38. Kf5 g6+ 39. Kg5 Qd4 $18) 37... Ke8 38. Nd6+ Kf8 39. Qxf7#) 36. Kh4 {[%emt 0:00:15] Threatening mate with Qc6+.} fxe4 37. Qc6+ $1 {[%emt 0:00:05] White really could win this.   Weighted Error Value: White=0.24 (precise) /Black=0.32.  Missed win:     	White=2     	---        Mistake:       	---       	Black=4      OK:         	White=14    	Black=8      Best:        	White=3     	Black=5      Strong:       	White=1     	Black=2} 1/2-1/2

[Event "Romanian Superliga 2024"]
[Site "Mamaia"]
[Date "2024.09.30"]
[Round "3.16"]
[White "Gavrilescu, David"]
[Black "Cioara, Andrei-Nestor"]
[Result "1-0"]
[ECO "B12"]
[WhiteElo "2547"]
[BlackElo "2402"]
[Annotator "RC"]
[PlyCount "111"]
[EventDate "2024.09.26"]
[EventType "team-tourn"]
[EventCountry "ROU"]
[SourceTitle "playchess.com"]
[Source "ChessBase"]
[SourceQuality "1"]
[TimeControl "40/5400+30:1800+30"]

1. e4 c6 2. d4 d5 3. e5 Bf5 4. h4 h6 5. Bd3 Bxd3 6. cxd3 e6 7. Nc3 Nd7 8. h5 c5 9. dxc5 d4 10. Ne4 Nxc5 11. Nxc5 Bxc5 12. Qg4 Ne7 13. Nf3 Qd5 14. O-O g6 15. hxg6 Nxg6 16. Re1 O-O-O 17. Bd2 Kb8 18. a4 a6 19. Rac1 Ne7 20. Qe4 Nc6 21. Qxd5 Rxd5 22. Re4 Bb6 23. g3 Bc7 24. Rce1 Kc8 25. Kf1 Kd7 26. Bf4 Rb8 27. Bxh6 b5 28. axb5 Rbxb5 29. Rf4 f5 30. exf6 Bxf4 31. gxf4 Rf5 32. Bg5 Rxb2 33. Nh4 Rbb5 34. Nxf5 Rxf5 35. Kg2 Nb4 36. Re4 Nc6 37. Kf3 a5 38. Re2 Nb4 39. Re4 Nc6 40. Kg4 a4 41. Kh5 a3 42. Kg6 a2 43. Re1 Nb4 44. Ra1 Nxd3 45. Rxa2 Nxf4+ 46. Bxf4 Rxf4 47. Kg7 Rg4+ 48. Kf8 e5 49. f7 Rf4 50. Ra7+ Ke6 51. Ra6+ Kd7 52. Kg7 Ke7 53. Ra7+ Ke6 54. f8=Q Rxf8 55. Kxf8 e4 56. Ra5 1-0

[Event "Romanian Superliga 2024"]
[Site "Mamaia"]
[Date "2024.09.30"]
[Round "3.17"]
[White "Vajda, Albert"]
[Black "Jianu, Vlad-Cristian"]
[Result "0-1"]
[ECO "B12"]
[WhiteElo "2279"]
[BlackElo "2478"]
[Annotator "TA"]
[PlyCount "60"]
[EventDate "2024.09.26"]
[EventType "team-tourn"]
[EventCountry "ROU"]
[SourceTitle "playchess.com"]
[Source "ChessBase"]
[SourceQuality "1"]
[TimeControl "40/5400+30:1800+30"]

1. e4 c6 2. d4 d5 3. e5 c5 4. dxc5 e6 5. c3 Bxc5 6. Qg4 g6 7. h4 h5 8. Qg3 {[%emt 0:07:55] White has an edge.} Nc6 9. Bd3 Nh6 10. Bxh6 Rxh6 11. Nd2 Bd7 12. Ngf3 Qe7 13. O-O Bb6 14. Qf4 Rh7 15. c4 O-O-O 16. Rac1 Bc7 17. a3 Rf8 (17... f6 $14) 18. cxd5 ({White should play} 18. b4 $16 {Hoping for b5.} f6 19. exf6 (19. Bxg6 $2 Rg7 $19) 19... Qxf6 20. Qxf6 Rxf6 21. Rfe1) 18... exd5 $11 19. Bb5 f6 20. Qa4 (20. Qe3 $11 fxe5 (20... Nxe5 $2 21. Bxd7+ Kxd7 22. Qxa7 $18) 21. Ng5) 20... fxe5 $17 (20... Nxe5 $2 {is the wrong capture.} 21. Bxd7+ Nxd7 22. Qxa7 $18 (22. Rfe1 Qd6 $16)) 21. Ng5 {[%emt 0:05:26][%cal Rb5c6] And now Bxc6! would win.} Rf4 $1 22. b4 {[%emt 0:00:20][%cal Rb5c6] [#]} Nd4 23. Bxd7+ (23. Qxa7 Bxb5) 23... Qxd7 24. Qd1 {[%emt 0:00:57] [#] Prevents Ne2+.} (24. Qxd7+ $142 Rxd7 25. Rfe1) 24... Re7 $1 $19 25. g3 Rf5 26. Nb3 Nxb3 27. Qxb3 e4 28. Rc2 Kb8 29. Rfc1 Qd6 (29... Bb6 $19 {...e3 would now be deadly.} 30. Re1 Rf8) 30. Rc3 (30. Nxe4 $1 $11 {and White stays safe.} Rxe4 (30... dxe4 31. Qg8+) 31. Rxc7 Qxc7 32. Rxc7 Re1+ (32... Kxc7 33. Qc3+ Kd8 34. Qc5 $11) 33. Kg2) 30... a6 {[%emt 0:08:30] Weighted Error Value: White=0.34/Black=0.23 (precise) .  Loses game:     	White=1     	---        Missed win:     	---       	Black=1      Mistake:       	White=3     	Black=1      Inaccurate:     	White=3     	Black=1      OK:         	White=6     	Black=9      Best:        	---       	Black=2      Strong:       	---       	Black=1} 0-1

[Event "Romanian Superliga 2024"]
[Site "Mamaia"]
[Date "2024.09.30"]
[Round "3.18"]
[White "Tudor, Henry Edward"]
[Black "Corbu, George-Alexandru"]
[Result "1-0"]
[ECO "E51"]
[WhiteElo "2347"]
[BlackElo "2039"]
[Annotator "RC"]
[PlyCount "91"]
[EventDate "2024.09.26"]
[EventType "team-tourn"]
[EventCountry "ROU"]
[SourceTitle "playchess.com"]
[Source "ChessBase"]
[SourceQuality "1"]
[TimeControl "40/5400+30:1800+30"]

1. d4 Nf6 2. c4 e6 3. Nc3 Bb4 4. e3 O-O 5. Bd2 d5 6. Nf3 c5 7. a3 Bxc3 8. Bxc3 cxd4 9. Nxd4 Ne4 10. Rc1 Re8 11. cxd5 exd5 12. Be2 Nc6 13. O-O a6 14. Nxc6 bxc6 15. Bd4 Qd6 16. Qc2 Bd7 17. Rfd1 Qh6 18. f3 Ng5 19. Qd2 Qg6 20. Kh1 f5 21. b4 Ne6 22. Ba1 Red8 23. Bd3 Qf7 24. Qc2 Nf8 25. e4 f4 26. Qc5 Rdc8 27. Qa5 Ng6 28. Re1 Be6 29. Bxa6 Rd8 30. exd5 Bxd5 31. b5 cxb5 32. Qxb5 Nh4 33. Qf1 Re8 34. Rxe8+ Rxe8 35. Bb5 Rb8 36. a4 Ra8 37. Qf2 Nf5 38. Be5 Qe7 39. Bxf4 Qb4 40. Be5 Qb3 41. h3 Rf8 42. Kh2 h5 43. Qd2 Ne3 44. Bxg7 Kxg7 45. Rc3 Qxb5 46. Qd4+ 1-0